 Dungeon Crawl Stone Soup version 0.30-a0-626-gd6a5dd7a1f (webtiles) character file.

Game seed: 12633728292938911815

1727 Conn the Firebug (level 9, -1/58 HPs)
             Began as an Octopode Fire Elementalist on Jan 11, 2023.
             Was an Initiate of Sif Muna.
             Slain by a bullfrog (7 damage)
             ... on level 7 of the Dungeon.
             The game lasted 00:16:29 (5818 turns).

Conn the Firebug (Octopode Fire Elementalist)       Turns: 5818, Time: 00:16:30

Health: -1/58      AC:  1    Str: 10    XL:     9   Next: 5%
Magic:  6/16       EV: 14    Int: 22    God:    Sif Muna [......]
Gold:   252        SH:  0    Dex: 16    Spells: 12/18 levels left

rFire   . . .      SeeInvis .    k - +8 mace "Unoyded" {heavy, Str+3 Dex+4}
rCold   . . .      Faith    .    (no shield)
rNeg    + . .      Spirit   .    (helmet restricted)
rPois   .          Reflect  .    (no amulet)
rElec   .          Harm     .    h - ring of resist corrosion
rCorr   +          Rampage  .    d - ring of positive energy
Will    .....                    (no ring)
Stlth   ++++                     (no ring)
HPRegen 0.29/turn                (no ring)
MPRegen 0.15/turn                (no ring)
                                 (no ring)
                                 (no ring)

@: no status effects
A: almost no armour, amphibious, 8 rings, camouflage 1, gelatinous body 1,
(nimble swimmer 1), tentacles
a: Renounce Religion


You were on level 7 of the Dungeon.
You worshipped Sif Muna.
Sif Muna was noncommittal.
You visited 2 branches of the dungeon, and saw 8 of its levels.

You collected 288 gold pieces.
You spent 36 gold pieces at shops.

Inventory:

Hand Weapons
 b - a +0 short sword
 k - the +8 mace "Unoyded" (weapon) {heavy, Str+3 Dex+4}
   (You found it on level 2 of the Dungeon)

   Str:       It affects your strength (+3).
   Dex:       It affects your dexterity (+4).
Missiles
 y - 4 throwing nets
 z - 10 poisoned darts
Armour
 c - a +0 buckler
Jewellery
 d - a ring of positive energy (right tentacle)
 h - a ring of resist corrosion (left tentacle)
Wands
 o - a wand of flame (17)
Scrolls
 f - a scroll of silence {unknown}
 i - 4 scrolls of identify {unknown}
 j - a scroll of brand weapon {unknown}
 l - a scroll of magic mapping
 p - 4 scrolls of enchant weapon {unknown}
 r - a scroll of teleportation
 s - 2 scrolls of amnesia {unknown}
 t - a scroll of fear {unknown}
 v - a scroll of blinking {unknown}
Potions
 a - a potion of magic
 g - a potion of might {unknown}
 m - a potion of berserk rage {unknown}
 n - a potion of degeneration {unknown}
 q - a potion of mutation {unknown}
 w - a potion of heal wounds {unknown}
 x - a potion of brilliance {unknown}


   Skills:
 * Level 4.1 Fighting
 + Level 0.3 Short Blades
 * Level 4.0 Maces & Flails
 + Level 3.2 Dodging
 + Level 4.2 Stealth
 + Level 5.3 Spellcasting
 + Level 3.3 Conjurations
 + Level 1.1 Translocations
 + Level 6.3 Fire Magic
 + Level 0.7 Air Magic


You had 12 spell levels left.
You knew the following spells:

 Your Spells              Type           Power      Damage    Failure   Level
a - Foxfire               Conj/Fire      100%       2x1d9     1%          1
b - Kindle Blastsparks    Fire/Tloc/Air  34%        2d12      10%         3
e - Scorch                Fire           66%        2d8       1%          2

Your spell library contained the following spells:

 Spells                   Type           Power      Damage    Failure   Level
 Inner Flame              Hex/Fire       19%        N/A       9%          3
 Beastly Appendage        Tmut           10%        N/A       10%         1
 Flame Wave               Conj/Fire      27%        2d9       13%         4
 Cigotuvi's Dreadful Rot  Necr/Pois/Air  12%        N/A       14%         2
 Wereblood                Tmut           5%         N/A       16%         2
 Spider Form              Tmut/Pois      5%         N/A       30%         3
 Dispel Undead            Necr           5%         3d7       69%         4
 Death Channel            Necr           2%         N/A       100%        6


Dungeon Overview and Level Annotations

Branches:
Dungeon (7/15)             Temple (1/1) D:6

Altars:
Ashenzari
Cheibriados
Dithmenos
Elyvilon
Fedhas
Gozag
Hepliaklqana
Kikubaaqudgha
Makhleb
Nemelex Xobeh
Okawaru
Qazlal
Ru
Sif Muna
Trog
Uskayaw
Vehumet
Wu Jian
Xom
Zin
The Shining One

Shops:
D:1 *   D:2 (   D:3 =   D:4 :   D:5 *

Annotations:
D:1 2 transporters
Temple 2 transporters


Innate Abilities, Weirdness & Mutations

You cannot wear most types of armour.
You are amphibious.
You can wear up to eight rings at the same time.
Your skin changes colour to match your surroundings (Stealth+).
Your rubbery body absorbs attacks. (AC +1, EV +1)
((You are camouflaged when in or above water. (Stealth+)))
You have tentacles for arms and can constrict up to eight enemies at once.


Message History

Confirm with . or Enter, or press ? or * to list all spells.
Flames lash something.
Something hits you.
* * * LOW HITPOINT WARNING * * *
Something shocks you.
* * * LOW HITPOINT WARNING * * *
Okay, then.
Unknown command.
Unknown command.
Casting: Scorch (safe; 1% risk of failure)
Confirm with . or Enter, or press ? or * to list all spells.
Flames lash something.
Something barely misses you.
Casting: Scorch (safe; 1% risk of failure)
Confirm with . or Enter, or press ? or * to list all spells.
Flames lash something.
Sif Muna accepts your kill.
Reactivating autopickup.
You feel a bit more experienced.
Your Maces & Flails skill increases to level 4!
You have reached level 9!
Your experience leads to an increase in your attributes!
Your base attributes are Str 7, Int 20, Dex 12.
Increase (S)trength, (I)ntelligence, or (D)exterity?
You feel clever. x2
Unknown command.
Casting: Scorch (safe; 1% risk of failure)
Confirm with . or Enter, or press ? or * to list all spells.
Okay, then.
As you read the scroll of teleportation, it crumbles to dust.
You feel strangely unstable.
Casting: Scorch (safe; 1% risk of failure)
Confirm with . or Enter, or press ? or * to list all spells.
Flames lash the necrophage.
The necrophage is lightly damaged.
The necrophage's fire resistance burns away.
Your surroundings suddenly seem different.
A bullfrog comes into view.
Found a stone staircase leading up.
The bullfrog croaks.
The bullfrog hits you!
You die...

..
..#####
#.....##
#......#
#..<...
#....#
#..F.#
#.@..#
####.# #


You could see a bullfrog.

Vanquished Creatures
  Prince Ribbit (D:6)
  A steam dragon (D:4)
  Duvessa (D:6)
  A sky beast (D:7)
  A black bear (D:4)
  2 ogres (D:4)
  A gnoll sergeant (D:5)
  A scorpion (D:5)
  3 wights (D:7)
  Dowan (D:6)
  A howler monkey (D:5)
  2 hounds
  Jessica (D:3)
  A gnoll bouda (D:5)
  3 iguanas
  An orc wizard (D:7)
  22 gnolls
  5 adders
  6 dart slugs
  12 orcs
  7 endoplasms
  3 giant cockroaches
  7 goblins
  11 hobgoblins
  10 jackals
  3 quokkas
  5 ball pythons
  5 bats
  2 frilled lizards
  14 kobolds
  5 rats
139 creatures vanquished.

Vanquished Creatures (others)
  362 foxfires
  14 fungi
  9 plants (D:2)
385 creatures vanquished.

Grand Total: 524 creatures vanquished

Notes
Turn   | Place    | Note
-------+----------+-------------------------------------------
     0 | D:1      | Conn the Octopode Fire Elementalist began the quest for the
                  | Orb.
     0 | D:1      | Reached XP level 1. HP: 11/11 MP: 3/3
   201 | D:1      | Reached XP level 2. HP: 17/17 MP: 0/5
   604 | D:1      | Reached XP level 3. HP: 21/21 MP: 1/6
   802 | D:1      | Found Plog's Assorted Antiques.
   815 | D:1      | Bought a scroll labelled BIONOB ESHRAEJOR for 19 gold
                  | pieces
   815 | D:1      | Bought a bubbling inky potion for 17 gold pieces
  1454 | D:2      | Reached XP level 4. HP: 27/27 MP: 4/7
  1557 | D:2      | Identified the +8 mace "Unoyded" {heavy, Str+3 Dex+4}
  1868 | D:2      | Reached skill level 4 in Fire Magic
  1871 | D:2      | Learned a level 2 spell: Scorch
  1875 | D:2      | Learned a level 3 spell: Kindle Blastsparks
  1911 | D:2      | Found Niatoc's Weapon Shop.
  1939 | D:2      | Found a faded altar of an unknown god.
  2158 | D:3      | Found an opulent altar of Gozag.
  2160 | D:3      | Found a snail-covered altar of Cheibriados.
  2282 | D:3      | Noticed Jessica
  2293 | D:3      | Killed Jessica
  2294 | D:3      | Reached XP level 5. HP: 32/32 MP: 4/9
  2361 | D:3      | Found Xyogri Omaca's Jewellery Boutique.
  2594 | D:3      | Reached skill level 1 in Fighting
  2834 | D:3      | Found a blossoming altar of Fedhas.
  2911 | D:4      | Reached skill level 1 in Maces & Flails
  3081 | D:4      | Found Ziumnym's Book Shoppe.
  3091 | D:4      | Noticed an ogre
  3118 | D:4      | Reached XP level 6. HP: 18/38 MP: 2/10
  3487 | D:4      | Noticed a black bear
  3514 | D:4      | Killed a black bear
  3515 | D:4      | Reached XP level 7. HP: 45/45 MP: 3/12
  3627 | D:4      | Noticed a steam dragon
  3631 | D:4      | Killed a steam dragon
  3931 | D:5      | Entered Level 5 of the Dungeon
  4179 | D:5      | Found Qulushad's Gadget Gallery.
  4211 | D:5      | Reached skill level 5 in Fire Magic
  4490 | D:5      | Reached XP level 8. HP: 51/51 MP: 7/14
  5266 | D:6      | Noticed Prince Ribbit
  5285 | D:6      | Killed Prince Ribbit
  5462 | D:6      | Noticed Duvessa
  5462 | D:6      | Noticed Dowan
  5476 | D:6      | Killed Duvessa
  5477 | D:6      | Killed Dowan
  5478 | D:6      | Reached skill level 6 in Fire Magic
  5576 | D:6      | Found a staircase to the Ecumenical Temple.
  5586 | Temple   | Entered the Ecumenical Temple
  5586 | Temple   | Found a transporter.
  5586 | Temple   | Found a transporter.
  5588 | Temple   | Found a transporter.
  5588 | Temple   | Found a transporter.
  5608 | Temple   | Became a worshipper of Sif Muna the Loreminder
  5626 | D:6      | Reached skill level 5 in Spellcasting
  5772 | D:7      | Reached skill level 1 in Translocations
  5814 | D:7      | Reached XP level 9. HP: 4/58 MP: 7/16
  5818 | D:7      | Slain by a bullfrog

Illustrated notes

Levels and vault maps discovered:
D:1:      spicycebolla_arrival_transporter_tutorial, layout_loops_ring,
          serial_shops, nicolae_diamond_shop
D:2:      layout_loops_ring, serial_shops, nicolae_shop_statue_plus,
          shapermc_ecumenical_altar_mp_ritualfount, minmay_pentomino_r4
D:3:      layout_loops_ring, mainiacjoe_overflow_catwalk_spiral, fedhas_altar_4,
          serial_shops, shop_coins, uniq_jessica
D:4:      layout_rooms, serial_shops, shop, st_stairs_12
D:5:      layout_basic, minmay_misc_feat_diagonals,
          chequers_serial_rivers_large_a, st_stairs_13,
          chequers_serial_rivers_room_b, dreamdust_mushroom_princess,
          nicolae_shop_gadgets
D:6:      layout_basic, minmay_temple_entry_wispy, uniq_prince_ribbit1,
          uniq_duvessa
D:7:      layout_gridville, minmay_door_square
Temple:   hellmonk_temple_divided_pantheon

Skill      XL: |  1  2  3  4  5  6  7  8 |
---------------+-------------------------+-----
Stealth        | 3 4 |  4.2
Fire Magic     | 4 5 6 |  6.3
Conjurations   | 2 3 |  3.3
Fighting       | 1 2 4 |  4.1
Maces & Flails | 1 2 3 4 |  4.0
Spellcasting   | 3 4 5 |  5.3
Dodging        | 3 |  3.2
Translocations | 1 |  1.1
Short Blades   | |  0.3
Air Magic      | |  0.7

Action                   |  1- 3 |  4- 6 |  7- 9 || total
-------------------------+-------+-------+-------++-------
Melee: Short sword       |    14 |     4 |       ||    18
       Constrict         |     3 |     6 |     2 ||    11
       Tentacles         |     3 |     2 |     3 ||     8
       Mace              |       |    23 |    20 ||    43
 Cast: Foxfire           |    68 |    65 |    95 ||   228
       Scorch            |       |    12 |    22 ||    34
       Kindle Blastspark |       |       |     1 ||     1
  Use: Potion            |       |     1 |     5 ||     6
       Scroll            |       |     1 |     2 ||     3
 Stab: Sleeping          |       |     7 |       ||     7
       Distracted        |       |     1 |       ||     1
Armor: Skin              |     1 |    16 |    29 ||    46
Dodge: Dodged            |    13 |    39 |    39 ||    91

Table legend: (Time is in decaauts)
 A = Elapsed time spent in this place.
 B = Non-inter-level travel time spent in this place.
 C = Inter-level travel time spent in this place.
 D = Time resting spent in this place.
 E = Time spent auto-exploring this place.
 F = Levels seen in this place.
 G = Mean time per level.
                   A        B        C        D        E       F      G
               +--------+--------+--------+--------+--------+-----+--------+
         Total |   5859 |   5781 |     78 |    150 |   4209 |   8 |  732.4 |
       Dungeon |   5826 |   5748 |     78 |    150 |   4209 |   7 |  832.3 |
        Temple |     33 |     33 |      0 |      0 |      0 |   1 |   33.0 |
               +--------+--------+--------+--------+--------+-----+--------+

Top non-repeatable levels by time:
     D:5: 1296 daAuts
     D:1: 1143 daAuts
     D:2: 979 daAuts
     D:4: 957 daAuts
     D:3: 877 daAuts
     D:6: 416 daAuts
     D:7: 155 daAuts
  Temple: 33 daAuts
